Map: [ESL] Tropical Sacrifice

Players

Ukko

  • Race: Zerg Zerg
  • Spawn Location: 7:00

Namshar - Winner!

  • Race: Zerg Zerg
  • Spawn Location: 1:00

Event: DreamHack SC2 Masters 2022 Atlanta (Online)

VOD

Have the link to the VOD?

Description

Time

  • Played on: Oct. 8, 2022, 3:24 p.m.
  • Length: 9:54

All games in this series

Show
View Real Time Build Order
Export as new Build Order

Ukko Zerg 

Build Orders: Hatch First 

Get SALT Encoding   

  12  0:00  Drone  
  13  0:13  Overlord  
  13  0:17  Drone  
  14  0:31  Drone x2  
  16  0:49  Hatchery  
  15  0:53  Drone  
  15  0:57  Drone  
  17  1:00  Drone  
  18  1:07  Extractor  
  17  1:16  Spawning Pool  
  16  1:20  Drone  
  16  1:24  Drone  
  18  1:30  Drone  
  19  1:43  Overlord  
  19  1:52  Drone  
  20  2:03  Queen x2  
  20  2:04  Zergling x2  
  20  2:05  Drone  
  26  2:12  Metabolic Boost  
  26  2:15  Drone  
  26  2:18  Drone  
  28  2:27  Drone x2  
  30  2:41  Hatchery  
  29  2:45  Zergling x2  
  29  2:47  Zergling x2  
  30  2:57  Zergling x4  
  32  3:00  Drone x2  
  32  3:03  Baneling Nest  
  33  3:08  Drone x2  
  35  3:16  Drone  
  35  3:17  Overlord x2  
  36  3:25  Evolution Chamber  
  35  3:30  Queen, Extractor  
  37  3:41  Zergling x4  
  39  3:43  Drone x4  
  39  3:47  Drone  
  44  3:50  Baneling  
  44  3:51  Zerg Missile Weapons Level 1  
  44  3:53  Drone  
  46  3:55  Drone  
  46  3:57  Drone  
  46  4:00  Drone  
  46  4:02  Drone  
  49  4:04  Drone  
  50  4:12  Drone x4  
  53  4:17  Overlord x2  
  53  4:22  Overlord  
  53  4:28  Roach Warren  
  52  4:35  Lair  
  52  4:36  Drone x3  
  52  4:37  Drone  
  56  4:39  Drone  
  56  4:44  Drone x3  
  60  4:46  Baneling x2  
  60  4:49  Drone x3  
  60  4:51  Drone  
  64  4:53  Overlord  
  64  4:57  Extractor x2  
  62  5:04  Drone  
  62  5:05  Drone x6  
  69  5:08  Drone  
  69  5:11  Overlord  
  70  5:15  Drone x3  
  70  5:20  Drone x7  
  79  5:22  Extractor  
  79  5:24  Extractor  
  79  5:25  Drone  
  79  5:27  Extractor  
  77  5:31  Roach x2  
  77  5:34  Overlord  
  81  5:37  Pneumatized Carapace  
  81  5:42  Evolution Chamber  
  80  5:43  Roach  
  80  5:44  Roach x2  
  84  5:52  Roach x4  
  92  6:00  Overlord x2  
  92  6:01  Overlord x2  
  92  6:04  Zerg Missile Weapons Level 2  
  92  6:06  Drone  
  92  6:09  Overseer  
  93  6:11  Hatchery  
  93  6:16  Overlord  
  102  6:25  Roach x5  
  102  6:28  Roach  
  102  6:30  Roach x2  
  102  6:31  Roach x3  
  102  6:32  Roach x2  
  118  6:35  Roach x2  
  118  6:36  Overlord  
  122  6:43  Roach x4  
  128  6:49  Glial Reconstitution  
  128  6:51  Roach x2  
  118  6:55  Roach  
  118  6:59  Roach  
  106  7:02  Roach  
  97  7:10  Queen  
  97  7:11  Roach x4  
  105  7:15  Roach x2  
  105  7:20  Roach  
  101  7:26  Roach x3  
  104  7:30  Roach  
  104  7:33  Roach  
  104  7:36  Roach x2  
  112  7:40  Roach x2  
  115  7:47  Roach x3  
  111  7:51  Roach x2  
  111  7:53  Roach  
  110  7:59  Roach x2  
  110  8:02  Queen  
  116  8:09  Roach x3  
  116  8:11  Roach  
  116  8:15  Roach x2  
  114  8:22  Roach x3  
  114  8:24  Roach  
  122  8:29  Roach x2  
  124  8:44  Roach x6  
  126  8:50  Roach x2  
  126  8:54  Roach x2  
  122  8:58  Roach  
  122  8:59  Roach  
  114  9:06  Roach x2  
  115  9:15  Drone x5  
  118  9:21  Drone x3  
  119  9:28  Drone x3  
Show
View Real Time Build Order
Export as new Build Order

Namshar Zerg - Winner!

Build Orders: Hatch First 

Get SALT Encoding   

  12  0:00  Drone  
  13  0:12  Overlord  
  13  0:18  Drone  
  14  0:30  Drone x2  
  16  0:49  Hatchery  
  15  0:51  Drone  
  15  0:55  Drone  
  17  0:59  Drone  
  18  1:10  Extractor  
  17  1:14  Spawning Pool  
  17  1:18  Drone  
  17  1:21  Drone  
  18  1:29  Drone  
  19  1:38  Drone  
  20  1:48  Drone  
  21  2:00  Drone  
  21  2:01  Queen x2  
  22  2:02  Overlord  
  26  2:12  Drone  
  26  2:13  Zergling x2, Metabolic Boost  
  28  2:22  Drone  
  29  2:23  Drone  
  30  2:32  Zergling x2  
  30  2:33  Drone  
  32  2:40  Hatchery  
  31  2:46  Drone  
  31  2:50  Baneling Nest  
  31  2:53  Overlord  
  31  2:55  Drone  
  32  3:00  Drone  
  33  3:10  Drone x3  
  36  3:15  Zergling x4  
  36  3:17  Drone x2  
  36  3:18  Overlord  
  40  3:26  Evolution Chamber  
  39  3:29  Queen  
  39  3:33  Baneling x2  
  41  3:39  Zergling x8  
  45  3:45  Drone x3  
  48  3:50  Overlord  
  48  3:52  Drone  
  48  3:53  Drone  
  50  3:58  Drone  
  51  4:03  Drone, Overlord  
  51  4:05  Lair  
  51  4:08  Extractor x2  
  50  4:11  Drone  
  50  4:12  Drone  
  50  4:16  Drone x4  
  56  4:25  Drone x2, Roach Warren  
  57  4:31  Baneling  
  57  4:32  Zerg Missile Weapons Level 1  
  57  4:33  Drone x2  
  59  4:40  Drone x4  
  63  4:47  Overlord  
  63  4:48  Drone x4  
  67  4:55  Drone x4  
  67  4:58  Extractor x2  
  67  4:59  Overlord  
  69  5:05  Overlord  
  69  5:11  Overlord  
  69  5:12  Glial Reconstitution, Overlord  
  68  5:21  Overlord  
  68  5:23  Roach x6  
  80  5:30  Roach  
  80  5:31  Roach x2  
  86  5:38  Nydus Network  
  86  5:41  Roach x4  
  92  5:50  Roach x5  
  100  6:06  Drone x2  
  100  6:07  Drone x4  
  100  6:08  Drone x2, Overlord  
  108  6:15  Roach x4, Evolution Chamber  
  114  6:28  Nydus Canal  
  114  6:30  Roach  
  114  6:31  Roach x2  
  114  6:32  Roach, Hatchery  
  120  6:37  Overlord  
  120  6:39  Zerg Missile Weapons Level 2  
  120  6:53  Roach x8  
  118  7:05  Roach x7  
  122  7:12  Nydus Canal  
  128  7:22  Roach  
  128  7:23  Roach x7  
  134  7:31  Nydus Canal  
  134  7:33  Roach x2  
  138  7:47  Nydus Canal  
  138  7:48  Roach x4  
  138  7:50  Roach  
  132  8:02  Roach x6  
  144  8:16  Nydus Canal  
  128  8:22  Roach x8  
  134  8:44  Roach  
  134  8:45  Roach x4  
  144  8:55  Roach x8  
  132  9:04  Roach x3  
  132  9:05  Roach x4  
  142  9:12  Roach x3  
  140  9:20  Overlord x6  
  140  9:23  Ravager  
  140  9:24  Ravager  
  142  9:25  Roach  
  144  9:34  Overlord x2  
Tags
 
Add a new tag
Caveats
  • Supply blocks, unpowered buildings, or Contaminate may cause inaccurate times.
  • Supply counts are checked every 10 seconds.